AoeStats
← ME_DEPRIME_JUGAR_CON_USTEDES

Hill Fort

506486394Analyzed
2v2 RM · 18d ago on Sep 13, 2026· 55m 3s· 4 players
Game mode
Random Map
Map size
Medium (4 player)
Population
200
Speed
Normal
Resources
Standard
Victory
Conquest
Starting age
Dark Age
Ending age
Imperial Age
RankedLock teamsTeams togetherTeam positionsShared explorationLock speedFull tech treeHidden civsTurbo modeCheats
Victory
Defeat
1520
+13
🇦🇷 Vietnamese · Argentina
1479
+14
🇮🇳 Hindustanis · India
1446
-13
🇮🇳 Dravidians · India
1446
-14
Invincius
1:34 Loom
9:50 Feudal Age
11:27 Loom
14:42 Castle Age
13:09 Double-Bit Axe
13:12 Horse Collar
13:53 Fletching
15:23 Bodkin Arrow
20:58 Town Watch
23:49 Bow Saw
24:27 Husbandry
24:50 Gold Mining
26:14 Heavy Plow
26:58 Ballistics
28:20 Wheelbarrow
32:23 Imperial Age
31:50 Padded Archer Armor
34:00 Thumb Ring
34:14 Stone Mining
34:49 Bracer
36:25 Chemistry
36:48 Elite Elephant Archer
37:55 Conscription
40:30 Two-Man Saw
39:56 Hand Cart
41:22 Hoardings
41:33 Hoardings
41:20 Leather Archer Armor
44:56 Masonry
44:42 Murder Holes
46:12 Ring Archer Armor
50:51 Siege Elephant
52:04 Onager
Seetha
6:37 Loom
8:47 Feudal Age
9:33 Double-Bit Axe
9:56 Horse Collar
16:01 Wheelbarrow
20:21 Castle Age
18:25 Gold Mining
19:24 Bloodlines
19:21 Scale Barding Armor
19:59 Forging
20:23 Light Cavalry
21:04 Husbandry
22:17 Bow Saw
22:24 Heavy Plow
26:22 Chain Barding Armor
27:11 Iron Casting
29:45 Gold Shaft Mining
31:33 Hand Cart
38:04 Imperial Age
38:16 Caravan
38:47 Coinage
39:27 Plate Barding Armor
38:13 Hussar
39:34 Conscription
39:24 Stone Mining
42:56 Chemistry
42:17 Ballistics
43:25 Grand Trunk Road
43:28 Shatagni
45:18 Blast Furnace
47:15 Banking
48:24 Padded Archer Armor
ME_DEPRIME_JUGAR_CON_USTEDES
10:54 Feudal Age
9:40 Loom
14:57 Castle Age
13:08 Double-Bit Axe
13:39 Horse Collar
17:10 Fletching
17:36 Bow Saw
26:47 Heavy Plow
27:23 Wheelbarrow
28:41 Fletching
29:32 Bodkin Arrow
34:22 Imperial Age
32:16 Scale Mail Armor
31:41 Pikeman
33:15 Chain Mail Armor
33:28 Forging
34:56 Squires
35:32 Iron Casting
34:27 Halberdier
35:42 Plate Mail Armor
35:35 Conscription
37:16 Blast Furnace
37:09 Halberdier
38:37 Elite Samurai
39:05 Arson
40:26 Kataparuto
41:24 Gold Mining
44:30 Two-Man Saw
43:58 Capped Ram
45:43 Onager
49:59 Masonry
51:07 Elite Skirmisher
51:55 Imperial Skirmisher
52:37 Bracer
52:38 Padded Archer Armor
54:42 Leather Archer Armor
Manco de élite
11:00 Feudal Age
15:11 Castle Age
13:49 Double-Bit Axe
13:45 Horse Collar
16:54 Bow Saw
16:41 Fletching
20:09 Padded Archer Armor
21:08 Loom
22:36 Wheelbarrow
23:54 Bodkin Arrow
24:47 Leather Archer Armor
26:54 Heavy Plow
27:21 Gold Mining
28:13 Ballistics
28:29 Stone Mining
29:26 Hand Cart
29:08 Town Watch
34:34 Imperial Age
35:54 Stone Shaft Mining
36:22 Two-Man Saw
35:54 Crop Rotation
35:35 Guilds
35:50 Paper Money
36:02 Bracer
36:08 Elite Skirmisher
37:29 Ring Archer Armor
37:10 Imperial Skirmisher
37:58 Elite Rattan Archer
41:06 Chemistry
40:48 Hoardings
42:04 Caravan
43:37 Forging
44:15 Thumb Ring
43:33 Capped Ram
44:25 Bloodlines
44:21 Scale Barding Armor
44:23 Pikeman
45:04 Squires
45:00 Halberdier
46:51 Scale Mail Armor
47:33 Iron Casting
48:45 Chain Mail Armor
48:52 Chain Barding Armor
48:36 Chatras
49:34 Siege Engineers
49:49 Arson
50:36 Plate Mail Armor
50:43 Plate Barding Armor
53:32 Coinage
53:05 Husbandry
52:25 Light Cavalry
56:02 Banking
Connection lost

Rejoining the realm…

Still unreachable

The connection could not be restored.

Session expired

The server has moved on; the page needs a fresh start.